Map: Oceanborn LE

Players

SubN

  • Race: Zerg Zerg
  • League: Diamond
  • Spawn Location: 11:00

IIIIIIIIIIII - Winner!

  • Race: Protoss Protoss
  • League: Diamond
  • Spawn Location: 5:00

VOD

Have the link to the VOD?

Description

Time

  • Played on: Dec. 22, 2023, 9:04 p.m.
  • Length: 6:52
Show
View Real Time Build Order
Export as new Build Order

SubN Zerg 

Build Orders: Hatch First 

Get SALT Encoding   

  12  0:00  Drone  
  13  0:12  Overlord  
  13  0:16  Drone  
  14  0:30  Drone x2  
  16  0:49  Hatchery  
  15  0:52  Drone  
  15  0:55  Drone  
  17  0:58  Drone  
  17  1:01  Extractor  
  17  1:14  Spawning Pool  
  17  1:18  Drone  
  17  1:21  Drone  
  18  1:27  Drone  
  19  1:38  Drone  
  20  1:49  Overlord  
  20  2:01  Queen  
  20  2:02  Queen  
  20  2:07  Metabolic Boost  
  24  2:15  Drone x4  
  28  2:23  Drone x2  
  30  2:40  Hatchery  
  29  2:46  Drone x2  
  29  2:47  Drone  
  29  2:49  Overlord  
  32  2:55  Queen  
  34  2:58  Drone  
  34  3:00  Drone  
  34  3:04  Overlord  
  36  3:09  Drone  
  37  3:17  Spine Crawler  
  34  3:31  Drone  
  36  3:41  Drone x5  
  41  3:49  Roach Warren, Evolution Chamber  
  41  3:51  Drone  
  41  3:53  Evolution Chamber  
  41  3:54  Extractor  
  38  3:55  Extractor  
  38  3:57  Extractor  
  38  3:58  Drone x3  
  38  4:02  Queen  
  41  4:05  Queen  
  41  4:07  Drone x3  
  41  4:09  Drone x3  
  49  4:11  Drone  
  49  4:12  Drone x2  
  49  4:14  Drone  
  49  4:15  Drone  
  54  4:25  Overlord  
  54  4:27  Overlord  
  54  4:33  Drone x2  
  56  4:41  Overlord, Queen  
  56  4:42  Overlord  
  56  4:43  Overlord  
  58  4:47  Lair  
  58  4:48  Zerg Missile Weapons Level 1  
  58  4:51  Drone x3  
  61  5:03  Drone x4  
  61  5:04  Drone  
  66  5:12  Drone x2  
  68  5:14  Drone  
  69  5:27  Drone x9  
  78  5:30  Extractor x2  
  78  5:32  Drone x3  
  79  5:53  Spine Crawler  
  79  5:55  Roach  
  79  5:56  Roach  
  82  6:01  Overlord x4  
  82  6:02  Overlord  
  80  6:07  Roach  
  80  6:11  Roach x2  
  82  6:16  Roach  
  82  6:21  Roach x5  
  82  6:22  Roach x2  
Show
View Real Time Build Order
Export as new Build Order

IIIIIIIIIIII Protoss - Winner!

Build Orders: 1 Gate Expand, Blink Stalkers 

Get SALT Encoding   

  12  0:00  Probe  
  13  0:17  Pylon  
  13  0:19  Probe  
  14  0:36  Gateway  
  14  0:39  Probe (Chrono Boost)  
  15  0:44  Assimilator  
  16  0:51  Probe (Chrono Boost)  
  16  0:57  Probe (Chrono Boost)  
  17  1:08  Probe  
  18  1:25  Cybernetics Core  
  18  1:35  Nexus  
  18  1:38  Probe  
  19  1:48  Pylon  
  19  1:52  Assimilator  
  19  1:54  Probe  
  19  1:59  Adept (Chrono Boost)  
  22  2:04  Warp Gate  
  22  2:11  Probe  
  23  2:23  Probe, Adept  
  26  2:32  Gateway  
  26  2:39  Probe  
  27  2:46  Twilight Council  
  27  3:00  Gateway  
  27  3:25  Blink (Chrono Boost)  
  27  3:28  Probe  
  27  3:29  Probe  
  29  3:41  Probe  
  30  3:55  Robotics Facility, Stalker x2  
  30  3:56  Stalker  
  30  3:58  Probe  
  37  4:10  Probe  
  37  4:13  Probe  
  39  4:22  Probe  
  40  4:24  Stalker x2  
  40  4:28  Stalker  
  46  4:36  Pylon  
  46  4:48  Pylon  
  46  4:54  Probe  
  47  5:00  Warp Prism (Chrono Boost)  
  49  5:09  Stalker x2  
  53  5:29  Pylon  
  53  5:33  Stalker x3  
  59  5:50  Pylon  
  59  5:58  Stalker x3  
  65  6:26  Stalker x3  
Tags
 
Add a new tag
Caveats
  • Supply blocks, unpowered buildings, or Contaminate may cause inaccurate times.
  • Supply counts are checked every 10 seconds.